 Dungeon Crawl Stone Soup version 0.30-a0-852-g08b95dd62f (webtiles) character file.

Game seed: 9435235851885365769

511 Demosthentine the Ducker (level 6, -3/43 HPs)
             Began as a Demonspawn Gladiator on Mar 4, 2023.
             Slain by Pikel
             ... wielding a +1 whip of freezing
              (4 damage)
             ... on level 4 of the Dungeon.
             The game lasted 00:03:21 (3071 turns).

Demosthentine the Ducker (Demonspawn Gladiator)     Turns: 3071, Time: 00:03:22

Health: -3/43      AC:  9    Str: 13 (14) XL:     6   Next: 99%
Magic:  0/6        EV: 13    Int: 10      God:
Gold:   223        SH:  0    Dex: 14      Spells: 5/5 levels left

rFire   . . .      SeeInvis .    a - +0 trident
rCold   . . .      Faith    .    (no shield)
rNeg    . . .      Spirit   +    b - +0 leather armour
rPois   .          Reflect  .    c - +0 helmet
rElec   .          Rampage  .    (no cloak)
rCorr   .                        j - +0 pair of gloves
Will    .....                    (no boots)
Stlth   +                        g - amulet of guardian spirit
HPRegen 0.27/turn                k - +4 ring of protection
MPRegen 0.10/turn                (no ring)

@: no status effects
A: hooves 1, powered by death 1, weakness stinger 2, frail 1, weak 1
a: no special abilities


You were on level 4 of the Dungeon.
You visited 1 branch of the dungeon, and saw 4 of its levels.

You collected 223 gold pieces.

Inventory:

Hand Weapons
 a - a +0 trident (weapon)
Missiles
 d - a throwing net (quivered)
 e - a javelin
Armour
 b - a +0 leather armour (worn)
 c - a +0 helmet (worn)
 j - a +0 pair of gloves (worn)
Jewellery
 g - an amulet of guardian spirit (around neck)
 i - a ring of resist corrosion
 k - a +4 ring of protection (left hand)
Scrolls
 h - 2 scrolls of teleportation
 l - 2 scrolls of amnesia {unknown}
 m - a scroll of identify
Potions
 f - 3 potions of curing
 n - a potion of lignification {unknown}
 o - 2 potions of magic


   Skills:
 + Level 4.0 Fighting
 + Level 4.2 Polearms
 - Level 1.7 Throwing
 + Level 3.1 Armour
 + Level 4.3 Dodging


You had 5 spell levels left.
You didn't know any spells.
Your spell library contained the following spells:

 Spells                   Type           Power      Damage    Failure   Level
 Ensorcelled Hibernation  Hex/Ice        0%         N/A       58%         2
 Passwall                 Tmut/Erth      0%         N/A       58%         2
 Inner Flame              Hex/Fire       0%         N/A       82%         3
 Swiftness                Air            0%         N/A       82%         3
 Cause Fear               Hex            0%         N/A       99%         4
 Discord                  Hex            0%         N/A       100%        8


Dungeon Overview and Level Annotations

Branches:
Dungeon (4/15)
 Temple: D:4-7

Altars:
Okawaru

Shops:
D:2 =

Annotations:
D:3 1 runed translucent door, Soil's ghost, amateur MfFi
D:4 Pikel


Innate Abilities, Weirdness & Mutations

You have large cloven feet.
You regenerate a little health from kills.
You have a tail ending in a sharp stinger.
You are frail. (-10% HP)
You are weak. (Str -2)


Message History

Pikel is heavily wounded.
Pikel struggles against the net.
Pikel waves his whip at you.
Pikel struggles against the net.
Unknown command.
You hit Pikel but do no damage. You punch Pikel, but do no damage.
Pikel is heavily wounded.
Pikel struggles against the net.
You hit Pikel but do no damage. You kick Pikel, but do no damage.
Pikel is heavily wounded.
Pikel struggles against the net. x2
You hit Pikel. You tail-slap Pikel.
Pikel is severely wounded.
Pikel struggles against the net.
The net rips apart, and Pikel comes free!
Pikel hits you with a +1 whip of freezing.
* * * LOW HITPOINT WARNING * * *
Pikel freezes you.
* * * LOW HITPOINT WARNING * * *
You hit Pikel but do no damage. You tail-slap Pikel, but do no damage.
Pikel is severely wounded.
Pikel hits you but does no damage.
You hit Pikel but do no damage. You kick Pikel, but do no damage.
Pikel is severely wounded.
Pikel hits you but does no damage.
Pikel says, "You'll feel the lick of my whip!"
Pikel closely misses you.
You hit Pikel but do no damage.
Pikel is severely wounded.
Pikel misses you.
Throw: 2 throwing nets
Press: ? - help, Q - select action, (/) - cycle Shift-Dir - straight line, f/p - Pikel
Aim: Pikel, wielding a +1 whip of freezing and wearing a +0 robe (severely wounded, fast, 53% to hit)
You throw a throwing net. The throwing net closely misses Pikel.
Pikel hits you with a +1 whip of freezing.
* * * LOW HITPOINT WARNING * * *
Pikel freezes you.
* * * LOW HITPOINT WARNING * * *
Pikel hits you with a +1 whip of freezing.
You die...

###### #
.....# #.
###..# ..
#..### .##
###....####
..##
..........##
.5#
#....####..##
#5# ##..##
##..#####K#
#..#
##....#@##
#..# #####.##
#.. ### ##.


You could see Pikel (fast) and 2 lemures.

Vanquished Creatures
  A black bear (D:4)
  An ogre (D:4)
  A lemure (D:4)
  A scorpion (D:4)
  A gnoll bouda (D:3)
  An iguana (D:4)
  Robin (D:4)
  10 gnolls
  4 adders
  A worm (D:2)
  2 dart slugs
  3 orcs
  3 bats
  5 endoplasms
  13 goblins
  6 hobgoblins
  7 jackals
  5 quokkas
  4 ball pythons
  4 frilled lizards
  5 kobolds
  2 rats
81 creatures vanquished.

Vanquished Creatures (others)
  12 plants (D:3)
12 creatures vanquished.

Grand Total: 93 creatures vanquished

Notes
Turn   | Place    | Note
-------+----------+-------------------------------------------
     0 | D:1      | Demosthentine the Demonspawn Gladiator began the quest for
                  | the Orb.
     0 | D:1      | Reached XP level 1. HP: 16/16 MP: 1/1
   248 | D:1      | Discovered your monstrous ancestry.
   248 | D:1      | Gained mutation: You have large cloven feet. [demonic
                  | ancestry]
   248 | D:1      | Reached XP level 2. HP: 16/22 MP: 2/2
   883 | D:2      | Found Afusahon's Jewellery Emporium.
   918 | D:2      | Reached skill level 1 in Armour
  1044 | D:2      | Gained mutation: You have a small tail. [demonic ancestry]
  1044 | D:2      | Reached XP level 3. HP: 28/28 MP: 3/3
  1455 | D:3      | Gained mutation: You regenerate a little health from kills.
                  | [demonic ancestry]
  1455 | D:3      | Reached XP level 4. HP: 34/34 MP: 4/4
  1647 | D:3      | Noticed Soil's ghost (amateur MfFi)
  1649 | D:3      | Found a runed translucent door.
  1691 | D:3      | Found an iron altar of Okawaru.
  2159 | D:3      | Gained mutation: You are frail. (-10% HP) [potion of
                  | mutation]
  2159 | D:3      | Gained mutation: You are weak. (Str -2) [potion of
                  | mutation]
  2202 | D:3      | Reached XP level 5. HP: 30/36 MP: 5/5
  2325 | D:4      | Noticed an ogre
  2338 | D:4      | Killed an ogre
  2339 | D:4      | Gained mutation: You have a tail ending in a sharp stinger.
                  | [demonic ancestry]
  2339 | D:4      | Reached XP level 6. HP: 23/42 MP: 2/6
  2841 | D:4      | Noticed Robin
  2856 | D:4      | Killed Robin
  3045 | D:4      | Noticed Pikel
  3071 | D:4      | HP: 1/43 [Pikel/+1 whip of freezing (2)]
  3071 | D:4      | Slain by Pikel

Illustrated notes

Levels and vault maps discovered:
D:1:      mrwooster_arrival_statue_3, layout_basic
D:2:      layout_basic, serial_shops, shop_statue
D:3:      layout_loops_ring, okawaru_trees_2, hellmonk_ghost_happy_afterlife,
          nicolae_grassy_gnolls
D:4:      layout_layer_cave, uniq_pikel, uniq_robin

Skill      XL: |  1  2  3  4  5  6 |
---------------+-------------------+-----
Polearms       | 3 4 |  4.2
Armour         | 1 2 3 |  3.1
Dodging        | 3 4 |  4.3
Fighting       | 3 4 |  4.0
Throwing       | |  1.7

Action                     |  1- 3 |  4- 6 || total
---------------------------+-------+-------++-------
  Melee: Trident           |   116 |   202 ||   318
         Kick              |    20 |    33 ||    53
         Tailslap          |     6 |    20 ||    26
         Punch             |       |     3 ||     3
  Throw: Throwing net      |       |     5 ||     5
    Use: Scroll            |     5 |     1 ||     6
         Potion            |       |     6 ||     6
   Stab: Sleeping          |     1 |     1 ||     2
         Held in net/web   |       |     3 ||     3
 Armour: Leather armour    |    32 |    70 ||   102
  Dodge: Dodged            |    57 |   128 ||   185

Table legend: (Time is in decaauts)
 A = Elapsed time spent in this place.
 B = Non-inter-level travel time spent in this place.
 C = Inter-level travel time spent in this place.
 D = Time resting spent in this place.
 E = Time spent auto-exploring this place.
 F = Levels seen in this place.
 G = Mean time per level.
                   A        B        C        D        E       F      G
               +--------+--------+--------+--------+--------+-----+--------+
         Total |   3109 |   3039 |     70 |     58 |   2329 |   4 |  777.2 |
       Dungeon |   3109 |   3039 |     70 |     58 |   2329 |   4 |  777.2 |
               +--------+--------+--------+--------+--------+-----+--------+

Top non-repeatable levels by time:
     D:4: 878 daAuts
     D:3: 802 daAuts
     D:2: 783 daAuts
     D:1: 645 daAuts
